 Dungeon Crawl Stone Soup version 0.22-b1-59-g0aedee7 (webtiles) character file.

98362 troglodite the Blocker (level 15, 0/198 (201) HPs)
             Began as a Demonspawn Berserker on Aug 7, 2018.
             Was a High Priest of Trog.
             Slain by a 20-headed hydra (6 damage)
             ... on level 3 of the Swamp on Aug 9, 2018.
             The game lasted 01:38:21 (27294 turns).

troglodite the Blocker (Demonspawn Berserker)      Turns: 27294, Time: 01:38:23

HP:   0/198 (201)   AC: 17    Str: 24    XL:     15   Next: 74%
MP:   15/15         EV: 20    Int:  8    God:    Trog [*****.]
Gold: 1835          SH: 17    Dex: 22    Spells: 14/14 levels left

rFire    + . .     SeeInvis .   Z - +9 falchion
rCold    . . .     Gourm    .   r - +3 shield {rN+}
rNeg     + . .     Faith    +   K - +1 ring mail of the Bouncing Hells {rElec Slay+3 Stlth+}
rPois    +         Spirit   .   (helmet unavailable)
rElec    +         Reflect  .   v - +2 cloak
rCorr    .         Harm     .   (gloves unavailable)
MR       +....                  a - +0 pair of boots {run}
Stlth    ..........             g - amulet of faith
HPRegen  0.43/turn              q - ring of Keteple {rElec rF+ AC+4 Dex+4 Stlth+}
MPRegen  0.14/turn              y - ring of poison resistance

@: berserking, very quick
A: claws 3, hooves 1, horns 3, demonic guardian 2, powered by death 2, robust 1
a: Berserk, Trog's Hand, Brothers in Arms, Renounce Religion


You were on level 3 of the Swamp.
You worshipped Trog.
Trog was extremely pleased with you.
You were hungry.

You visited 4 branches of the dungeon, and saw 25 of its levels.
You also visited: Labyrinth.

You collected 2789 gold pieces.
You spent 954 gold pieces at shops.

Inventory:

Hand Weapons
 A - a +3 antimagic demon blade
 D - the +8 hand crossbow "Edwoixos" {velocity, rN+ Stlth+}
   (Trog gifted it to you on level 1 of the Lair of Beasts)

   Any bolt fired from it inflicts extra damage.
   It protects you from negative energy.
   It makes you more stealthy.
 W - the +8 demon blade "Bloodbane" {slice, *Rage +Rage Stlth-}
   (You found it in a labyrinth)

   It inflicts extra damage upon your enemies.
   It lets you go berserk.
   It may make you go berserk in combat.
   It makes you less stealthy.
 Z - a +9 falchion (weapon)
Missiles
 G - 193 bolts
Armour
 a - a +0 pair of boots of running (worn)
 r - a +3 shield of positive energy (worn)
 v - a +2 cloak (worn)
 B - the +1 ring mail of Vihabaot {rC+ Str+4}
   (You found it on level 14 of the Dungeon)

   It affects your strength (+4).
   It protects you from cold.
 K - the +1 ring mail of the Bouncing Hells (worn) {rElec Slay+3 Stlth+}
   (You found it on level 6 of the Dungeon)

   It affects your accuracy and damage with ranged weapons and melee attacks
   (+3).
   It insulates you from electricity.
   It makes you more stealthy.
Jewellery
 g - an amulet of faith (around neck)
 h - an uncursed ring of flight
 o - an uncursed ring of see invisible
 q - the ring of Keteple (left claw) {rElec rF+ AC+4 Dex+4 Stlth+}
   (You bought it in a shop on level 11 of the Dungeon)

   [ring of protection]

   It affects your AC (+4).
   It affects your dexterity (+4).
   It protects you from fire.
   It insulates you from electricity.
   It makes you more stealthy.
 y - a ring of poison resistance (right claw)
 F - an uncursed ring of resist corrosion
 I - a +2 amulet of reflection
 N - the ring "Baikkadi" {rF+ MP+9 Slay+2}
   (You found it in a labyrinth)

   [ring of magical power]

   It affects your accuracy and damage with ranged weapons and melee attacks
   (+2).
   It protects you from fire.
   It affects your magic capacity (+9).
 R - an uncursed ring of protection from fire
Wands
 l - a wand of enslavement (12)
 p - a wand of polymorph (12)
 u - a wand of paralysis (1)
 x - a wand of digging (30)
 O - a wand of scattershot (3)
 Q - a wand of flame (23)
Scrolls
 b - 6 scrolls of remove curse
 d - 4 scrolls of magic mapping
 f - a scroll of silence
 j - 8 scrolls of identify
 k - 4 scrolls of fear
 m - 5 scrolls of fog
 H - a scroll of blinking
 P - 2 scrolls of teleportation
Potions
 e - 3 potions of heal wounds
 i - 3 potions of haste
 n - 2 potions of cancellation
 s - 8 potions of curing
 t - 4 potions of ambrosia
 w - 3 potions of resistance
 z - 2 potions of flight
 C - 2 potions of magic
 E - 4 potions of brilliance
 L - 5 potions of lignification
 M - a potion of might
 T - 2 potions of mutation
 U - a potion of berserk rage
 Y - 3 potions of agility
Comestibles
 c - 33 rations
 J - a chunk of flesh


   Skills:
 * Level 12.3 Fighting
 + Level 12.2 Long Blades
 * Level 4.6 Crossbows
 * Level 10.5 Armour
 * Level 10.5 Dodging
 + Level 5.1 Stealth
 * Level 13.2 Shields
 + Level 0.9 Evocations


You had 14 spell levels left.
You didn't know any spells.
Your spell library was empty.

Dungeon Overview and Level Annotations

Branches:
Dungeon (14/15)            Temple (0/1) D:7            Lair (6/6) D:9
  Swamp (3/4) Lair:4       Spider (0/4) Lair:2        Slime (0/5) Lair:5
    Orc (2/2) D:12            Elf (0/3) Orc:2        Vaults (0/5) D:13

Altars:
Cheibriados
Trog
Vehumet
Xom
The Shining One
Beogh
Jiyva

Shops:
D:7 :   D:11 =   D:14 [   Orc:1 (   Orc:2 }([**

Annotations:
Lair:5 1 runed door, Goblin1989's ghost, journeyman OpMo


Innate Abilities, Weirdness & Mutations

You have claws for hands.
You have large cloven feet.
You have a pair of large horns on your head.
A demonic guardian rushes to your aid.
You regenerate health from kills.
You are robust. (+10% HP)


Message History

You lop one of the 18-headed hydra's heads off!
The 17-headed hydra grows two more!
You slash the 19-headed hydra!
The 19-headed hydra is almost dead.
Unknown command.
You lop one of the 19-headed hydra's heads off!
The 18-headed hydra grows two more!
You slash the 20-headed hydra!
The 20-headed hydra is almost dead.
You block the 20-headed hydra's attack.
The 20-headed hydra bites you but does no damage.
You block the 20-headed hydra's attack. The 20-headed hydra barely misses you.
The 20-headed hydra misses you. The 20-headed hydra bites you.
* * * LOW HITPOINT WARNING * * *
The 20-headed hydra misses you. The 20-headed hydra barely misses you.
The 20-headed hydra bites you but does no damage.
You block the 20-headed hydra's attack. The 20-headed hydra misses you.
The 20-headed hydra bites you but does no damage.
The 20-headed hydra bites you!
* * * LOW HITPOINT WARNING * * *
The 20-headed hydra bites you.
You die...

.♣ ♣♣♣ ♣♣♣♣ ♣.♣
♣♣≈♣♣♣♣≈≈♣♣
.≈.♣♣♣♣♣≈≈.≈≈.§..♣
.≈.≈...≈≈§≈≈♣≈...♣
♣..≈≈≈≈≈≈≈≈≈≈≈...♣♣
♣.≈≈≈≈♣≈..≈§≈≈≈♣..♣♣
♣.≈.≈D..≈.≈≈.≈≈≈..♣♣
♣.≈)..@♣.♣♣♣.≈≈♣...♣♣
♣.§≈♣♣♣♣♣♣ ♣..≈..♣..♣
♣..♣ ♣♣.≈.♣♣♣.♣♣ ?.
♣♣≈.♣ ♣..♣ ♣♣.♣ ♣♣.♣
♣.♣♣♣♣.♣♣ ♣♣.≈.≈≈≈≈♣
♣≈≈≈.≈≈≈.. ♣♣≈♣.≈≈≈≈≈


You could see a 20-headed hydra.

Vanquished Creatures
  Nessos (Orc:2)
  3 dire elephants (Lair:6)
  A minotaur (Lab)
  Snorg (D:14)
  8 hydras
  An anaconda (Lair:6)
  3 two-headed ogres
  A centaur warrior (D:14)
  A tengu warrior (D:12)
  An ogre mage (Orc:2)
  9 alligators
  5 orc high priests (Orc:2)
  A sixfirhy (D:11)
  A spriggan druid (Swamp:3)
  3 unseen horrors
  2 shambling mangroves
  4 swamp dragons
  A wolf spider zombie (D:14)
  2 lindwurms (Lair:4)
  3 ugly things
  A wolf spider (shapeshifter) (D:13)
  6 orc knights
  An orc sorcerer (Orc:1)
  A manticore (D:14)
  3 elephants
  2 cyclopes
  5 black mambas
  Joseph (D:9)
  2 gargoyles
  15 spiny frogs
  3 rime drakes
  6 komodo dragons
  2 tengu conjurers
  7 trolls
  A queen bee (Lair:4)
  A meliai (Lair:4)
  10 tyrant leeches
  A slime creature (D:13)
  12 hippogriffs
  9 hornets
  29 blink frogs
  7 bog bodies
  6 dream sheep
  2 spriggans (Swamp:3)
  2 redbacks (Lab)
  The ghost of Lilu the Destroyer, an amateur DECj (D:4)
  3 wyverns
  21 yaks
  5 wraiths
  6 hungry ghosts
  9 vampire mosquitoes
  3 basilisks
  Menkaure (D:4)
  7 swamp worms
  9 water moccasins
  Edmund (D:4)
  3 wargs (Orc:1)
  17 porcupines
  4 swamp drakes
  3 ice beasts
  28 orc warriors
  A black bear (D:9)
  3 phantoms
  4 sky beasts
  2 boggarts (D:12)
  10 ogres
  An eye of draining (D:13)
  4 wolves (Lair:1)
  8 centaurs
  A necrophage (D:5)
  15 crocodiles
  Blork the orc (D:4)
  2 big kobolds
  13 bullfrogs
  An earth elemental (Lab)
  4 scorpions
  34 killer bees
  A spriggan skeleton (Lab)
  8 wights
  A troll skeleton (Lab)
  4 howler monkeys
  7 crimson imps
  3 centaur zombies
  A bullfrog zombie (D:10)
  A quasit (D:9)
  3 hounds
  3 centaur skeletons
  22 orc priests
  A bullfrog skeleton (D:7)
  A gnoll shaman (D:3)
  5 jellies
  7 iguanas
  19 orc wizards
  2 hell rats (Lair:4)
  5 worker ants
  A bullfrog simulacrum (D:4)
  A hound zombie (D:5)
  8 gnolls
  7 adders
  2 river rats (Lair:4)
  6 shadow imps
  A white imp (D:4)
  A howler monkey simulacrum (D:4)
  A worker ant simulacrum (D:4)
  6 oozes
  3 adder zombies
  A worm (D:3)
  A dart slug (D:2)
  An adder simulacrum (D:4)
  A leopard gecko (D:8)
  80 orcs
  A ball python (D:1)
  4 bats
  4 giant cockroaches
  16 hobgoblins
  3 jackals (D:2)
  12 kobolds
  5 quokkas
  5 frilled lizards
  5 goblins
  8 rats
  A fungus (Swamp:3)
  5 plants
696 creatures vanquished.

Vanquished Creatures (collateral kills)
  A dire elephant (Lair:6)
  Josephine (Swamp:1)
  3 hydras
  2 two-headed ogres
  A tengu warrior (D:14)
  Urug (D:11)
  2 orc high priests (Orc:2)
  Nergalle (D:10)
  5 orc knights
  6 ugly things
  2 oklob plants (Lair:1)
  An orc sorcerer (Orc:2)
  A centaur zombie (D:13)
  3 elephants
  A rime drake (shapeshifter) (D:13)
  A centaur skeleton (D:10)
  2 spiny frogs
  A yaktaur (shapeshifter) (D:13)
  2 meliai (Lair:4)
  2 hornets
  A troll (D:12)
  A bog body (Swamp:3)
  3 slime creatures (D:13)
  2 dream sheep
  2 blink frogs
  2 spriggans
  10 yaks
  A wraith (Swamp:1)
  A basilisk (Lair:4)
  A warg (Orc:2)
  3 swamp worms
  10 orc warriors
  2 sky beasts
  An ice beast (D:10)
  8 ogres
  A boggart (D:12)
  A centaur (D:11)
  A crocodile (D:14)
  3 big kobolds
  2 bullfrogs
  7 gnoll sergeants (D:12)
  A crimson imp (D:5)
  2 orc priests
  3 orc wizards
  4 gnolls
  A white imp (D:4)
  19 orcs
  2 kobolds (D:11)
  A fungus (Swamp:3)
135 creatures vanquished.

Vanquished Creatures (others)
  A swamp drake (Swamp:3)
  2 bushes (Lair:1)
  A fungus (Lair:1)
  3 plants
7 creatures vanquished.

Grand Total: 838 creatures vanquished

Notes
Turn   | Place    | Note
-------+----------+-------------------------------------------
     0 | D:1      | troglodite the Demonspawn Berserker began the quest for the Orb.
     0 | D:1      | Reached XP level 1. HP: 18/18 MP: 1/1
   110 | D:1      | Gained mutation: You have sharp fingernails. [demonic ancestry]
   110 | D:1      | Reached XP level 2. HP: 24/24 MP: 2/2
   646 | D:2      | Gained mutation: A weak demonic guardian rushes to your aid. [demonic ancestry]
   646 | D:2      | Reached XP level 3. HP: 29/29 MP: 3/3
   739 | D:2      | Reached ** piety under Trog
   878 | D:2      | Found a snail-covered altar of Cheibriados.
  1285 | D:3      | Gained mutation: You have a pair of small horns on your head. [demonic ancestry]
  1285 | D:3      | Reached XP level 4. HP: 37/37 MP: 4/4
  1348 | D:3      | Noticed a big kobold
  1365 | D:3      | Killed a big kobold
  1365 | D:3      | Reached skill level 1 in Shields
  1365 | D:3      | Reached XP level 5. HP: 30/42 MP: 5/5
  1668 | D:3      | Reached *** piety under Trog
  1966 | D:3      | Found a bloodstained altar of Trog.
  2095 | D:4      | Noticed Blork the orc
  2102 | D:4      | Killed Blork the orc
  2102 | D:4      | Gained mutation: You regenerate a little health from kills. [demonic ancestry]
  2102 | D:4      | Reached XP level 6. HP: 49/49 MP: 6/6
  2120 | D:4      | Found a radiant altar of Vehumet.
  2320 | D:4      | Found a runed gate.
  2320 | D:4      | Found a runed gate.
  2320 | D:4      | Found a runed gate.
  2364 | D:4      | Noticed Lilu's ghost (amateur DECj)
  2406 | D:4      | Killed Lilu's ghost
  2406 | D:4      | Reached skill level 2 in Shields
  2599 | D:4      | Gained mutation: You regenerate health from kills. [demonic ancestry]
  2599 | D:4      | Reached XP level 7. HP: 49/55 MP: 7/7
  2745 | D:4      | Noticed Menkaure
  2745 | D:4      | Noticed Edmund
  2893 | D:4      | Killed Menkaure
  2897 | D:4      | Killed Edmund
  2897 | D:4      | Reached skill level 5 in Fighting
  2897 | D:4      | Reached skill level 3 in Shields
  3234 | D:4      | Found a shimmering altar of Xom.
  3250 | D:4      | Reached **** piety under Trog
  3295 | D:4      | Noticed a two-headed ogre
  3312 | D:4      | Killed a two-headed ogre
  3312 | D:4      | Reached skill level 5 in Long Blades
  3312 | D:4      | Reached skill level 4 in Shields
  3312 | D:4      | Gained mutation: You have very sharp fingernails. [demonic ancestry]
  3312 | D:4      | Reached XP level 8. HP: 64/64 MP: 8/8
  3523 | D:5      | Entered Level 5 of the Dungeon
  4336 | D:5      | Reached skill level 5 in Armour
  4550 | D:6      | Gained mutation: You have a pair of horns on your head. [demonic ancestry]
  4550 | D:6      | Reached XP level 9. HP: 67/67 MP: 9/9
  4750 | D:6      | Reached skill level 5 in Shields
  4761 | D:6      | Got a twisted ring mail
  4773 | D:6      | Identified the +1 ring mail of the Bouncing Hells {rElec Slay+3 Stlth+} (You found it on level 6 of the Dungeon)
  5159 | D:6      | Reached skill level 1 in Stealth
  5463 | D:7      | Found Wifott's Book Shoppe.
  5679 | D:7      | Reached ***** piety under Trog
  5701 | D:7      | Found a staircase to the Ecumenical Temple.
  6183 | D:8      | Noticed a two-headed ogre
  6191 | D:8      | Killed a two-headed ogre
  6191 | D:8      | Reached skill level 5 in Dodging
  6191 | D:8      | Reached skill level 6 in Shields
  6340 | D:8      | Gained mutation: You have large cloven feet. [demonic ancestry]
  6340 | D:8      | Reached XP level 10. HP: 75/75 MP: 10/10
  6977 | D:9      | Noticed Joseph
  7179 | D:9      | Killed Joseph
  7284 | D:9      | Found a staircase to the Lair.
  7688 | D:10     | Entered Level 10 of the Dungeon
  7720 | D:10     | Reached skill level 7 in Shields
  7836 | D:10     | Received a gift from Trog
  7870 | D:10     | Noticed Nergalle
  7881 | D:10     | Killed Nergalle
  7950 | D:10     | Noticed a green ugly thing
  7958 | D:10     | Killed a green ugly thing
  8074 | D:10     | Gained mutation: A demonic guardian rushes to your aid. [demonic ancestry]
  8074 | D:10     | Reached XP level 11. HP: 74/83 MP: 11/11
  8239 | D:11     | Reached skill level 8 in Shields
  8309 | D:11     | Noticed a sixfirhy
  8310 | D:11     | Found a runed door.
  8340 | D:11     | Killed a sixfirhy
  8533 | D:11     | Noticed Urug
  8550 | D:11     | Noticed a white ugly thing
  8552 | D:11     | Killed Urug
  8596 | D:11     | Killed a white ugly thing
  8619 | D:11     | Killed an unseen horror
  8782 | D:11     | Found Nodghimy's Jewellery Shop.
  9134 | D:11     | Noticed a brown ugly thing
  9137 | D:11     | Killed a brown ugly thing
  9468 | D:12     | Reached skill level 9 in Shields
  9669 | D:12     | Received a gift from Trog
  9891 | D:12     | Found a staircase to the Orcish Mines.
 10053 | D:12     | Noticed a seven-headed hydra
 10063 | D:12     | Killed a ten-headed hydra
 10166 | D:12     | Noticed a tengu warrior
 10181 | D:12     | Killed a tengu warrior
 10251 | D:12     | Reached XP level 12. HP: 92/92 MP: 12/12
 10578 | D:13     | Found a gate to the Vaults.
 10637 | D:13     | Found a labyrinth entrance.
 10649 | Lab      | Entered a labyrinth
 11400 | Lab      | Received a gift from Trog
 11422 | Lab      | Found an exit through the horrors of the Abyss.
 11560 | Lab      | Found an exit through the horrors of the Abyss.
 11691 | Lab      | Found an exit through the horrors of the Abyss.
 12522 | Lab      | Noticed a minotaur
 12535 | Lab      | Killed a minotaur
 12537 | Lab      | Found the +8 demon blade "Bloodbane" {slice, *Rage +Rage Stlth-}
 12537 | Lab      | Got a steaming amber ring
 12754 | Lab      | Identified the ring "Baikkadi" {rF+ MP+9 Slay+2} (You found it in a labyrinth)
 12951 | D:13     | Reached skill level 10 in Shields
 12968 | D:13     | Noticed a four-headed hydra
 12975 | D:13     | Killed a seven-headed hydra
 13137 | D:14     | Got a shimmering ring mail
 13159 | D:14     | Identified the cursed +1 ring mail of Vihabaot {rC+ Str+4} (You found it on level 14 of the Dungeon)
 13335 | D:14     | Noticed Snorg
 13356 | D:14     | Killed Snorg
 13478 | D:14     | Got a bloodstained leather armour
 13489 | D:14     | Identified the cursed +0 leather armour of Ytomnoaps {Slay+2} (You found it on level 14 of the Dungeon)
 13506 | D:14     | Noticed a tengu warrior
 13513 | D:14     | Killed a tengu warrior
 13518 | D:14     | Reached skill level 10 in Long Blades
 13772 | D:14     | Found Rearoud's Specialty Armours.
 14143 | D:14     | Noticed a centaur warrior
 14156 | D:14     | Killed a centaur warrior
 14302 | D:11     | Bought the ring of Keteple {rElec rF+ AC+4 Dex+4 Stlth+} for 954 gold pieces
 14691 | Orc:1    | Entered Level 1 of the Orcish Mines
 14699 | Orc:1    | Gained mutation: You are robust. (+10% HP) [demonic ancestry]
 14699 | Orc:1    | Reached XP level 13. HP: 87/111 MP: 13/13
 14716 | Orc:1    | Reached skill level 10 in Fighting
 14738 | Orc:1    | Reached ****** piety under Trog
 14742 | Orc:1    | Received a gift from Trog
 15050 | Orc:1    | Found Zumm's Weapon Emporium.
 15243 | Orc:2    | Entered Level 2 of the Orcish Mines
 15285 | Orc:2    | Found a staircase to the Elven Halls.
 15437 | Orc:2    | Paralysed by an orc sorcerer for 5 turns
 15573 | Orc:2    | Reached skill level 11 in Shields
 15650 | Orc:2    | Found a roughly hewn altar of Beogh.
 15670 | Orc:2    | Found Losmumix's Gadget Emporium.
 15779 | Orc:2    | Received a gift from Trog
 15839 | Orc:2    | Noticed Nessos
 15857 | Orc:2    | Killed Nessos
 16773 | Orc:2    | Found Pidwaici's General Store.
 16773 | Orc:2    | Found Hacusser's Weapon Shop.
 16774 | Orc:2    | Found Tishouron's General Store.
 16774 | Orc:2    | Found Raiger's Armour Boutique.
 17066 | Lair:1   | Entered Level 1 of the Lair of Beasts
 17100 | Lair:1   | Received a gift from Trog
 17113 | Lair:1   | Got an ancient hand crossbow {god gift}
 17115 | Lair:1   | Identified the +8 hand crossbow "Edwoixos" {velocity, rN+ Stlth+} (Trog gifted it to you on level 1 of the Lair of Beasts)
 18214 | Lair:1   | Identified a +0 pair of boots of running (You found it on level 1 of the Lair of Beasts)
 18426 | Lair:1   | Reached skill level 1 in Crossbows
 18426 | Lair:1   | Gained mutation: You have a pair of large horns on your head. [demonic ancestry]
 18426 | Lair:1   | Reached XP level 14. HP: 120/120 MP: 14/14
 19054 | Lair:2   | You fall through a shaft!
 19325 | Lair:3   | Identified the Papyrus of Unstable Attacks
 20269 | Lair:2   | Found a hole to the Spider Nest.
 20408 | Lair:2   | Received a gift from Trog
 20559 | Lair:2   | Found a shimmering altar of Xom.
 20802 | Lair:4   | Found a glowing golden altar of the Shining One.
 21312 | Lair:4   | Received a gift from Trog
 21342 | Lair:4   | Reached skill level 12 in Shields
 21534 | Lair:4   | Found a staircase to the Swamp.
 21821 | Lair:5   | Found a runed door.
 21821 | Lair:5   | Found a shimmering altar of Xom.
 21821 | Lair:5   | Noticed Goblin1989's ghost (journeyman OpMo)
 21822 | Lair:5   | Found the +2 robe of Vines {NoPotionHeal Regen+7}
 21850 | Lair:5   | Reached skill level 10 in Armour
 22167 | Lair:5   | Received a gift from Trog
 22247 | Lair:5   | Found a viscous altar of Jiyva.
 22247 | Lair:5   | Found a staircase to the Slime Pits.
 22728 | Lair:6   | Entered Level 6 of the Lair of Beasts
 23011 | Lair:6   | Received a gift from Trog
 23666 | Lair:6   | Got an iridescent short sword
 23667 | Lair:6   | Identified the cursed +0 short sword of Qezacs {pierce, rC+} (You found it on level 6 of the Lair of Beasts)
 23856 | Swamp:1  | Entered Level 1 of the Swamp
 23857 | Swamp:1  | Noticed Josephine
 23874 | Swamp:1  | Gained mutation: You have claws for hands. [demonic ancestry]
 23874 | Swamp:1  | Reached XP level 15. HP: 108/130 MP: 15/15
 23876 | Swamp:1  | Reached skill level 5 in Stealth
 23912 | Swamp:1  | Killed Josephine
 24335 | Swamp:1  | Upgraded the game from 0.22-b1-26-g9dbaab1 to 0.22-b1-59-g0aedee7
 24384 | Swamp:1  | Reached skill level 10 in Dodging
 24561 | Swamp:1  | Received a gift from Trog
 26565 | Swamp:3  | Reached skill level 13 in Shields
 26689 | Swamp:3  | Received a gift from Trog
 27294 | Swamp:3  | HP: 6/198 [20-headed hydra (14)]
 27294 | Swamp:3  | Slain by a 20-headed hydra

Skill      XL: |  1  2  3  4  5  6  7  8  9 10 11 12 13 14 15 |
---------------+----------------------------------------------+-----
Armour         | 2 3 4 5 6 7 8 9 10 | 10.5
Dodging        | 2 3 4 5 7 8 9 10 | 10.5
Long Blades    | 3 4 5 6 7 9 10 11 12 | 12.2
Fighting       | 4 5 6 7 8 9 10 11 12 | 12.3
Shields        | 1 2 4 6 7 9 10 11 12 13 | 13.2
Stealth        | 1 2 3 4 5 |  5.1
Crossbows      | 1 3 4 |  4.6
Evocations     | |  0.9

Action                   |  1- 3 |  4- 6 |  7- 9 | 10-12 | 13-15 || total
-------------------------+-------+-------+-------+-------+-------++-------
Melee: Falchion          |    95 |   101 |   379 |   398 |  1245 ||  2218
       Headbutt          |       |    21 |    99 |   180 |   433 ||   733
       Kick              |       |       |       |   111 |       ||   111
       Long sword        |       |       |       |   148 |       ||   148
       Demon blade       |       |       |       |    38 |       ||    38
 Fire: Hand crossbow     |       |       |       |       |     5 ||     5
Invok: Berserk           |     3 |     7 |     7 |    11 |    16 ||    44
       Brothers in Arms  |       |       |       |     4 |     5 ||     9
Evoke: Wand              |       |       |       |     8 |       ||     8
  Use: Scroll            |       |       |     9 |    32 |     8 ||    49
 Stab: Distracted        |       |     2 |     3 |     4 |    12 ||    21
       Sleeping          |       |       |     1 |     5 |    28 ||    34
  Eat: Chunk             |     3 |     7 |    19 |    30 |    36 ||    95
       Ration            |       |     1 |       |     6 |     5 ||    12
Armor: Ring mail         |     5 |       |    34 |   190 |   261 ||   490
       Plate armour      |    66 |    76 |       |       |       ||   142
       Chain mail        |       |    15 |   122 |       |       ||   137
Dodge: Dodged            |    50 |    16 |   107 |   258 |   566 ||   997
Block: Shield            |     8 |    54 |   170 |   362 |   851 ||  1445
       Rpst.: Falchion   |    16 |     6 |    36 |    43 |   120 ||   221
       Long sword        |       |       |       |    16 |       ||    16
       Demon blade       |       |       |       |     2 |       ||     2
